Map: King Sejong Station LE

Players

True - Winner!

  • Race: Zerg Zerg
  • League: Grandmaster

Jason

  • Race: Terran Terran
  • League: Grandmaster

Event: Cheesadelphia Summer 2016

VOD

Have the link to the VOD?

Description

Time

  • Played on: July 24, 2016, 10:26 a.m.
  • Length: 11:06

All games in this series

Show
View Real Time Build Order
Export as new Build Order

True Zerg - Winner!

Build Orders: Hatch First, Muta Ling Bane 

Get SALT Encoding   

  12  0:01  Drone  
  13  0:12  Overlord  
  13  0:16  Drone  
  14  0:31  Drone x2  
  14  0:34  Drone  
  17  0:52  Hatchery  
  17  0:54  Drone  
  17  1:09  Spawning Pool  
  17  1:11  Extractor  
  15  1:13  Drone  
  17  1:18  Drone  
  17  1:21  Drone  
  18  1:27  Drone  
  19  1:38  Overlord  
  19  1:55  Queen  
  19  1:56  Zergling x2  
  22  2:03  Queen  
  22  2:04  Zergling x2  
  22  2:05  Zergling x2  
  26  2:12  Metabolic Boost  
  26  2:13  Drone  
  27  2:16  Drone  
  27  2:22  Drone  
  29  2:26  Drone  
  30  2:34  Queen  
  30  2:36  Drone  
  33  2:42  Drone  
  34  2:45  Overlord  
  34  2:48  Drone  
  35  2:54  Spore Crawler  
  35  2:55  Drone  
  35  2:57  Drone  
  36  3:05  Drone x3  
  40  3:08  Drone x2  
  43  3:12  Drone  
  43  3:13  Drone  
  43  3:17  Overlord  
  44  3:22  Pneumatized Carapace  
  44  3:33  Spore Crawler  
  44  3:48  Hatchery  
  44  3:51  Drone x2  
  44  3:53  Evolution Chamber  
  44  3:54  Zergling x14  
  51  3:56  Drone  
  51  4:00  Spore Crawler, Zergling x2  
  52  4:08  Overlord  
  52  4:18  Overlord  
  52  4:22  Zerg Ground Armor Level 1, Overlord  
  52  4:26  Overlord, Queen  
  52  4:30  Zergling x2  
  52  4:31  Zergling x2  
  56  4:34  Zergling x2  
  56  4:35  Zergling x6  
  60  4:40  Zergling x2  
  60  4:42  Zergling x2  
  60  4:44  Zergling x2  
  62  4:48  Drone  
  63  4:54  Queen  
  64  5:08  Drone  
  64  5:09  Drone x5  
  64  5:11  Drone  
  69  5:17  Drone  
  69  5:20  Overlord  
  67  5:22  Drone x3  
  67  5:26  Drone  
  67  5:27  Drone x3  
  73  5:29  Drone  
  73  5:31  Lair  
  73  5:34  Evolution Chamber  
  70  5:40  Overlord  
  64  5:43  Overlord  
  64  5:44  Drone x2  
  64  5:47  Overlord  
  64  5:48  Drone x3  
  69  5:51  Overlord  
  69  5:54  Drone  
  67  5:59  Zerg Melee Weapons Level 1  
  67  6:00  Overlord  
  67  6:02  Drone x4  
  70  6:04  Drone  
  70  6:05  Extractor  
  70  6:09  Baneling Nest, Extractor  
  70  6:11  Queen  
  68  6:12  Drone  
  68  6:15  Drone  
  68  6:16  Drone  
  73  6:28  Extractor  
  73  6:29  Drone, Extractor  
  73  6:30  Zergling x14  
  79  6:33  Drone x3  
  79  6:36  Zergling x2  
  79  6:38  Zergling x2  
  84  6:40  Zergling x2  
  85  6:47  Zergling x2  
  85  6:48  Zergling x2  
  85  6:49  Zergling x2  
  85  6:50  Zergling x2  
  85  6:51  Zergling x2  
  85  6:52  Centrifical Hooks  
  85  6:53  Overlord  
  90  7:00  Zergling x8  
  90  7:01  Baneling x2, Zergling x2  
  95  7:02  Baneling x6  
  95  7:05  Zergling x6  
  95  7:06  Queen  
  100  7:11  Zergling x4  
  100  7:14  Hatchery  
  101  7:16  Zergling x2  
  101  7:21  Overlord  
  102  7:23  Zergling x2  
  102  7:25  Zergling x2  
  104  7:32  Zergling x8  
  104  7:36  Zerg Ground Armor Level 2  
  106  7:37  Zergling x2  
  106  7:39  Zergling x6  
  106  7:46  Zergling x6  
  106  7:50  Zergling x4  
  109  7:54  Drone, Zerg Melee Weapons Level 2  
  101  8:08  Zergling x2  
  101  8:09  Zergling x2  
  101  8:10  Zergling x2  
  102  8:17  Overlord  
  103  8:20  Drone, Zergling x4  
  103  8:21  Drone  
  103  8:22  Drone  
  103  8:23  Zergling x6  
  103  8:24  Extractor, Zergling x4  
  103  8:25  Spire  
  103  8:26  Zergling x6  
  113  8:27  Zergling x2  
  113  8:30  Zergling x2  
  113  8:31  Zergling x2  
  115  8:36  Overlord  
  115  8:38  Baneling x8  
  115  8:39  Baneling x8  
  115  8:40  Zergling x6  
  117  8:44  Zergling x2  
  117  8:47  Drone  
  119  8:50  Overlord  
  119  8:53  Overlord  
  119  8:54  Zergling x4  
  119  8:55  Zergling x2  
  120  8:59  Zergling x6  
  120  9:00  Baneling x4  
  117  9:04  Zergling x6  
  116  9:11  Zergling x2  
  116  9:12  Zergling x4  
  116  9:13  Zergling x4  
  119  9:17  Zergling x2  
  119  9:22  Zergling x2  
  110  9:32  Drone x5  
  110  9:33  Drone x3  
  110  9:35  Zergling x6  
  110  9:38  Mutalisk  
  121  9:39  Hatchery  
  121  9:41  Mutalisk  
  121  9:42  Mutalisk  
  121  9:44  Baneling x3  
  121  9:45  Baneling x4, Mutalisk x4  
  126  9:51  Mutalisk  
  126  9:52  Mutalisk x3  
  136  9:56  Zergling x2  
  136  9:57  Baneling x4  
  136  9:59  Extractor, Overlord  
  142  10:02  Overlord  
  142  10:05  Overlord  
  141  10:11  Overlord  
  141  10:14  Overlord  
  135  10:17  Queen, Overlord  
  133  10:22  Overlord  
  133  10:25  Mutalisk x4  
  135  10:28  Spore Crawler  
  135  10:29  Mutalisk, Drone x2  
  135  10:34  Mutalisk  
  139  10:36  Zergling x16  
  139  10:37  Zergling x8  
  139  10:40  Zergling x2  
  152  10:47  Zergling x4  
  152  10:49  Zergling x2  
Show
View Real Time Build Order
Export as new Build Order

Jason Terran 

Build Orders: Reaper Expand, MMM Bio 

Get SALT Encoding   

  12  0:01  SCV  
  13  0:13  SCV  
  14  0:17  Supply Depot  
  14  0:25  SCV  
  15  0:39  SCV  
  15  0:40  Barracks  
  16  0:45  Refinery  
  16  0:51  SCV  
  17  1:03  SCV  
  18  1:15  SCV  
  19  1:27  Reaper  
  19  1:28  Orbital Command  
  20  1:42  Command Center  
  20  1:51  Supply Depot  
  20  1:53  SCV  
  21  1:59  Marine  
  22  2:05  SCV  
  23  2:09  Factory  
  23  2:17  Marine  
  23  2:18  SCV  
  23  2:21  Refinery  
  25  2:30  SCV  
  25  2:35  Marine  
  27  2:42  SCV  
  28  2:54  SCV  
  30  2:58  Orbital Command  
  30  3:01  Barracks Reactor  
  30  3:02  Factory Tech Lab, Starport  
  29  3:06  Bunker  
  29  3:11  SCV  
  30  3:21  Siege Tank  
  30  3:24  SCV  
  30  3:25  SCV  
  35  3:36  SCV  
  35  3:38  Marine x2  
  35  3:39  Medivac  
  35  3:40  SCV  
  40  3:43  Supply Depot  
  40  3:49  SCV  
  40  3:53  Command Center  
  40  3:55  SCV  
  42  4:01  Barracks  
  43  4:02  SCV  
  43  4:05  Factory Reactor  
  43  4:10  Barracks  
  43  4:13  Marine  
  43  4:14  SCV  
  43  4:16  SCV  
  46  4:19  Viking  
  46  4:24  Stimpack  
  48  4:26  SCV  
  48  4:30  Marine  
  50  4:36  SCV  
  51  4:42  SCV  
  52  4:46  Supply Depot  
  52  4:48  SCV  
  52  4:49  Factory Reactor, Refinery x2  
  52  4:51  Starport Reactor  
  53  4:54  SCV  
  54  5:05  Engineering Bay x2, Marine x4, SCV  
  59  5:08  Marine  
  60  5:16  Supply Depot  
  57  5:21  SCV  
  57  5:22  Marine x3  
  57  5:26  Marine x2  
  59  5:34  SCV  
  53  5:43  Marine x2  
  53  5:44  SCV  
  53  5:49  SCV  
  55  5:51  Marine  
  55  5:54  Orbital Command  
  55  5:56  SCV  
  55  6:01  SCV  
  56  6:08  SCV  
  56  6:09  Terran Infantry Armor Level 1, Terran Infantry Weapons Level 1  
  57  6:13  Medivac, SCV  
  57  6:15  Medivac  
  62  6:20  Orbital Command  
  62  6:21  SCV  
  62  6:25  SCV  
  64  6:26  Supply Depot  
  64  6:29  Supply Depot  
  64  6:33  SCV  
  64  6:37  SCV  
  66  6:40  Supply Depot  
  66  6:41  Supply Depot  
  66  6:42  Marine x2  
  66  6:43  Marine x2  
  66  6:45  SCV  
  71  6:49  SCV  
  71  6:51  SCV  
  71  6:52  Marine  
  74  6:56  Medivac x2  
  74  6:57  SCV  
  74  7:00  Marine x2  
  81  7:03  Barracks, SCV  
  81  7:06  SCV  
  81  7:08  Combat Shields, Barracks  
  83  7:10  SCV  
  84  7:16  Marine  
  84  7:19  Marine, Marauder  
  88  7:25  Marine, SCV  
  88  7:27  Marine  
  88  7:28  Widow Mine  
  88  7:29  SCV  
  85  7:45  Marine x3  
  85  7:46  Marauder  
  85  7:47  SCV  
  85  7:48  Marine  
  89  7:56  SCV  
  89  7:57  Widow Mine, Marine x2  
  89  7:58  Widow Mine  
  94  8:01  SCV  
  94  8:02  Marine  
  94  8:03  Marine x2  
  93  8:08  Marine  
  93  8:11  SCV  
  93  8:12  Sensor Tower, SCV  
  92  8:18  SCV  
  92  8:19  Supply Depot  
  93  8:20  Supply Depot  
  93  8:21  Marine x2  
  93  8:22  Marine  
  93  8:24  SCV  
  93  8:25  SCV  
  98  8:27  Barracks Tech Lab  
  98  8:32  Medivac  
  98  8:33  SCV  
  98  8:39  SCV x2  
  93  8:45  SCV, Orbital Command  
  94  8:49  Marine  
  94  8:50  Supply Depot  
  94  8:51  Widow Mine, Supply Depot, SCV  
  99  8:57  SCV  
  91  9:03  SCV  
  91  9:04  Widow Mine  
  91  9:07  Marine x2  
  84  9:20  SCV  
  84  9:21  SCV x2  
  79  9:27  Marine  
  79  9:28  Marine x3, Marauder  
  79  9:29  Sensor Tower  
  84  9:33  SCV x3  
  87  9:42  Barracks Reactor, Concussive Shells  
  87  9:45  SCV x2  
  89  9:47  SCV  
  89  9:48  Marine x2  
  89  9:49  Marine x3  
  95  9:57  Marine, SCV  
  97  10:02  SCV  
  97  10:06  Marine x2  
  100  10:07  Marine  
  100  10:08  Marauder  
  94  10:17  Orbital Command  
  94  10:19  SCV x2  
  90  10:24  Marine  
  90  10:27  Marine  
  87  10:28  Widow Mine x2  
  87  10:30  Medivac  
  87  10:31  SCV x2  
  95  10:42  SCV  
  96  10:43  SCV x2  
  96  10:46  Marine  
Tags
 
Add a new tag
Caveats
  • Supply blocks, unpowered buildings, or Contaminate may cause inaccurate times.
  • Supply counts are checked every 10 seconds.